Map: Ruins of Seras

Players

ImotoFantasy

  • Race: Protoss Protoss
  • League: Gold

Futete - Winner!

  • Race: Zerg Zerg
  • League: Diamond

VOD

Have the link to the VOD?

Description

Time

  • Played on: Oct. 25, 2015, 11:59 p.m.
  • Length: 8:55
Show
View Real Time Build Order
Export as new Build Order

ImotoFantasy Protoss 

Build Orders:  

Get SALT Encoding   

  12  0:01  Probe (Chrono Boost)  
  13  0:12  Probe (Chrono Boost)  
  14  0:21  Pylon  
  14  0:23  Probe (Chrono Boost)  
  15  0:39  Probe (Chrono Boost)  
  16  0:49  Probe (Chrono Boost)  
  17  1:00  Probe (Chrono Boost)  
  18  1:07  Nexus  
  18  1:16  Forge  
  18  1:18  Probe (Chrono Boost)  
  19  1:28  Gateway  
  19  1:30  Probe (Chrono Boost)  
  20  1:36  Assimilator  
  20  1:41  Probe (Chrono Boost)  
  20  1:43  Assimilator  
  21  1:52  Probe (Chrono Boost)  
  22  1:58  Pylon  
  22  2:02  Photon Cannon  
  22  2:09  Probe (Chrono Boost)  
  23  2:19  Probe (Chrono Boost)  
  23  2:20  Probe (Chrono Boost)  
  25  2:26  Cybernetics Core  
  25  2:30  Probe (Chrono Boost)  
  25  2:31  Probe (Chrono Boost)  
  27  2:41  Probe x2 (Chrono Boost)  
  29  2:45  Pylon  
  30  2:51  Probe (Chrono Boost)  
  30  2:53  Probe (Chrono Boost)  
  31  3:02  Probe (Chrono Boost)  
  31  3:03  Probe (Chrono Boost)  
  31  3:04  Warp Gate (Chrono Boost)  
  33  3:06  Adept  
  35  3:14  Gateway  
  35  3:17  Gateway  
  35  3:21  Gateway  
  35  3:24  Probe x2 (Chrono Boost)  
  36  3:32  Pylon  
  36  3:34  Adept  
  38  3:43  Probe x2 (Chrono Boost)  
  38  3:47  Pylon  
  40  3:51  Assimilator  
  40  3:55  Assimilator  
  40  4:01  Adept x2  
  43  4:20  Probe x2 (Chrono Boost)  
  44  4:29  Probe (Chrono Boost)  
  44  4:30  Probe (Chrono Boost)  
  41  4:47  Probe  
  41  4:49  Probe  
  50  4:58  Probe  
  43  5:03  Probe  
  44  5:07  Pylon  
  44  5:08  Probe  
  44  5:11  Adept x4  
  53  5:15  Probe  
  53  5:19  Nexus  
  51  5:35  Probe  
  51  5:37  Probe  
  47  5:45  Robotics Facility  
  47  5:46  Probe  
  47  5:47  Robotics Facility  
  47  5:49  Probe  
  49  5:56  Probe  
  49  5:59  Sentry x2  
  49  6:01  Stalker x2  
  49  6:02  Mothership Core  
  60  6:07  Probe  
  61  6:18  Probe  
  61  6:23  Probe  
  61  6:29  Probe  
  61  6:31  Stalker x4  
  64  6:33  Immortal (Chrono Boost)  
  64  6:34  Immortal (Chrono Boost)  
  64  6:35  Probe  
  64  6:36  Probe  
  74  6:41  Probe  
  75  6:47  Probe  
  75  6:53  Probe  
  77  6:59  Probe  
  75  7:03  Stalker x2  
  67  7:16  Stalker x2  
  60  7:24  Immortal x2 (Chrono Boost)  
  68  7:31  Stalker  
  68  7:32  Stalker  
  66  7:41  Probe x2  
  63  7:53  Probe, Photon Cannon  
  63  7:54  Immortal (Chrono Boost)  
  68  7:59  Stalker  
  68  8:03  Pylon  
  70  8:05  Pylon  
  70  8:23  Pylon  
  70  8:26  Sentry x2, Pylon  
  70  8:27  Sentry  
  79  8:33  Pylon  
  79  8:41  Stalker  
Show
View Real Time Build Order
Export as new Build Order

Futete Zerg - Winner!

Build Orders: 3 Hatch before Pool 

Get SALT Encoding   

  12  0:01  Drone  
  13  0:08  Drone  
  14  0:18  Overlord  
  14  0:24  Extractor  
  14  0:25  Drone  
  15  0:37  Drone x2  
  17  0:53  Hatchery  
  16  0:57  Drone  
  16  1:02  Drone  
  18  1:27  Hatchery  
  17  1:35  Drone, Spawning Pool  
  17  1:38  Drone  
  18  1:43  Drone  
  19  1:49  Drone  
  20  1:58  Overlord  
  20  2:06  Drone  
  21  2:21  Queen  
  23  2:23  Queen  
  23  2:24  Zergling x2  
  23  2:25  Drone x2  
  23  2:28  Drone  
  29  2:31  Drone  
  30  2:43  Queen  
  32  2:44  Drone x3  
  35  2:52  Overlord  
  35  2:53  Drone  
  35  2:54  Drone  
  37  3:03  Extractor  
  37  3:04  Drone x2  
  37  3:05  Drone, Extractor  
  38  3:10  Drone  
  39  3:13  Drone x2  
  41  3:20  Drone  
  41  3:27  Drone x2  
  44  3:34  Drone  
  44  3:35  Drone x3, Overlord  
  44  3:36  Overlord  
  44  3:38  Queen  
  50  3:51  Metabolic Boost  
  50  3:54  Drone x2  
  52  3:56  Drone  
  52  3:57  Roach Warren  
  52  4:02  Drone x3  
  55  4:03  Drone x2  
  53  4:29  Drone x6  
  53  4:30  Drone x4  
  63  4:39  Lair  
  63  4:40  Drone  
  64  4:45  Overlord  
  64  4:46  Overlord x3  
  64  4:57  Overlord  
  64  5:05  Overlord  
  64  5:06  Roach x4  
  64  5:07  Roach x4  
  80  5:13  Overlord  
  80  5:27  Roach  
  80  5:28  Roach x5  
  90  5:45  Evolution Chamber  
  90  5:46  Evolution Chamber, Glial Reconstitution  
  88  5:51  Zergling x16  
  88  5:57  Drone  
  97  6:00  Extractor  
  97  6:01  Hatchery, Extractor  
  94  6:04  Drone  
  94  6:05  Drone x6  
  94  6:07  Extractor  
  100  6:14  Hatchery  
  99  6:23  Roach x3  
  99  6:24  Roach, Zergling x6  
  108  6:30  Extractor  
  108  6:32  Drone x5  
  110  6:33  Drone x2  
  110  6:35  Zerg Missile Weapons Level 1  
  112  6:43  Overlord  
  112  6:44  Overlord x2  
  112  6:45  Zerg Ground Armor Level 1  
  112  6:52  Overlord  
  112  6:53  Roach x2  
  116  6:58  Pneumatized Carapace  
  114  7:04  Zergling x16  
  114  7:06  Hatchery  
  117  7:08  Roach  
  117  7:09  Roach x2  
  119  7:18  Drone x4, Extractor  
  119  7:21  Extractor  
  108  7:31  Roach x8  
  122  7:37  Roach x5  
  122  7:38  Roach x2  
  122  7:43  Zergling x2  
  123  7:54  Drone x2  
  123  7:55  Drone x4  
  123  7:56  Drone x5  
  134  8:06  Ravager  
  134  8:07  Ravager  
  134  8:08  Ravager  
  134  8:09  Ravager x4  
  134  8:11  Zergling x20  
  151  8:21  Ravager  
  151  8:22  Ravager x2  
  154  8:32  Overlord x2  
  153  8:34  Overlord  
  153  8:35  Drone x4  
  153  8:36  Drone x5  
  158  8:44  Infestation Pit  
Tags
 
Add a new tag
Caveats
  • Supply blocks, unpowered buildings, or Contaminate may cause inaccurate times.
  • Supply counts are checked every 10 seconds.